 Dungeon Crawl Stone Soup version 0.31-a0-833-gc15d34cb79 (webtiles) character file.

Game seed: 12949016239485168532

1279 lunkers the Geomancer (level 9, -2/62 HPs)
             Began as a Meteoran Earth Elementalist on Sept 25, 2023.
             Was an Initiate of Vehumet.
             Slain by a gnoll sergeant
             ... wielding a +0 spear
              (10 damage)
             ... on level 6 of the Dungeon.
             The game lasted 00:06:16 (3107 turns).

lunkers the Geomancer (Meteoran Earth Elementalist) Turns: 3107, Time: 00:06:16

Health: -2/62      AC:  2    Str: 10    XL:     9   Next: 10%
Magic:  2/20       EV: 12    Int: 21    God:    Vehumet [......]
Gold:   305        SH:  0    Dex: 18    Spells: 7/21 levels left

rFire   . . .        j - +8 short sword "Kesua" {pain, Drain rC++ Dex+3}
rCold   + + .        (no shield)
rNeg    + . .        a - +0 robe
rPois   .            (no helmet)
rElec   .            (no cloak)
rCorr   .            (no gloves)
SInv    .            (no boots)
Will    ++...        (no amulet)
Stlth   +            i - ring of positive energy
HPRegen 0.30/turn    e - ring of willpower
MPRegen 0.17/turn

%: no passive effects
@: glowing
A: sense surroundings 2, otherworldly, glowing, explore regen
a: Renounce Religion


You were on level 6 of the Dungeon.
You worshipped Vehumet.
Vehumet was noncommittal.
You visited 2 branches of the dungeon, and saw 8 of its levels.
You also visited: Sewer.

You collected 305 gold pieces.

Inventory:

Hand Weapons
 j - the +8 short sword "Kesua" (weapon) {pain, Drain rC++ Dex+3}
   (You found it on level 4 of the Dungeon)

   Dex+3:     It affects your dexterity (+3).
   rC++:      It greatly protects you from cold.
   Drain:     It drains your maximum health when unequipped.
Armour
 a - a +0 robe (worn)
Jewellery
 e - a ring of willpower (right hand)
 h - a ring of flight
 i - a ring of positive energy (left hand)
Wands
 m - a wand of flame (14)
Scrolls
 c - 2 scrolls of noise
 d - a scroll of blinking
 l - a scroll of amnesia
 n - a scroll of fear
 q - a scroll of identify
 r - a scroll of enchant weapon {unknown}
Potions
 b - a potion of magic
 f - a potion of ambrosia
 g - 3 potions of curing
 k - 2 potions of attraction
 o - 2 potions of haste
 p - a potion of might


   Skills:
 - Level 2.1 Dodging
 - Level 1.4 Stealth
 + Level 6.8 Spellcasting
 * Level 5.0 Conjurations
 - Level 1.2 Transmutations
 * Level 9.5 Earth Magic


You had 7 spell levels left.
You knew the following spells:

 Your Spells              Type           Power      Damage    Failure   Level
a - Sandblast             Erth           94%        2d19      1%          1
b - Passwall              Tmut/Erth      24%        N/A       1%          2
c - Stone Arrow           Conj/Erth      74%        3d11      1%          3
d - Petrify               Tmut/Erth      29%        N/A       10%         4
e - Brom's Barrelling Bo  Conj/Erth      37%        2d6       4%          4

Your spell library contained the following spells:

 Spells                   Type           Power      Damage    Failure   Level
 Apportation              Tloc           14%        N/A       9%          1
 Necrotise                Necr           28%        1d5       9%          1
 Summon Small Mammal      Summ           28%        N/A       9%          1


Dungeon Overview and Level Annotations

Branches:
Dungeon (7/15) Zot: 1205   Temple (1/1) D:5 Zot: 582   Sewer (visited)

Altars:
Ashenzari
Cheibriados
Dithmenos
Gozag
Hepliaklqana
Kikubaaqudgha
Makhleb
Nemelex Xobeh
Okawaru
Ru
Sif Muna
Trog
Vehumet
Wu Jian
Xom
Yredelemnul
Zin
The Shining One

Shops:
D:7 :


Innate Abilities, Weirdness & Mutations

You passively map the area around you.
You are easily found by Zot.
You glow in the dark.
You regain HP and MP as you explore.


Message History

The orc wizard is lightly wounded.
The gnoll shouts!
* * * LOW MAGIC WARNING * * *
The orc wizard casts a spell at you. The magic dart hits you.
* * * LOW HITPOINT WARNING * * *
A gnoll comes into view. It is wielding a +0 club.
The orc wizard hits you with a +0 dagger.
* * * LOW HITPOINT WARNING * * *
Aiming: Sandblast (safe; 1% risk of failure)
Press: ? - help, Q - select action, (/) - cycle Shift-Dir - straight line, f/p - orc wizard
Aim: an orc wizard, wielding a +0 dagger, wearing a +0 robe and wearing a +5 ring of evasion (lightly wounded, 71% to hit)
The blast of sand misses the orc wizard.
The blast of sand hits the gnoll!
You kill the gnoll!
Vehumet accepts your kill.
The gnoll shouts!
* * * LOW MAGIC WARNING * * *
A sky beast comes into view.
The orc wizard misses you.
Your Conjurations skill increases to level 5!
Aiming: Sandblast (safe; 1% risk of failure)
Press: ? - help, Q - select action, (/) - cycle Shift-Dir - straight line, f/p - orc wizard
Aim: an orc wizard, wielding a +0 dagger, wearing a +0 robe and wearing a +5 ring of evasion (lightly wounded, 71% to hit)
The blast of sand hits the orc wizard!!
You kill the orc wizard!
Vehumet accepts your kill.
* * * LOW MAGIC WARNING * * *
The gnoll sergeant hits you from afar with a +0 spear!
* * * LOW HITPOINT WARNING * * *
The gnoll sergeant hits you from afar with a +0 spear!
* * * LOW HITPOINT WARNING * * *
Aiming: Sandblast (safe; 1% risk of failure)
Press: ? - help, Q - select action, (/) - cycle Shift-Dir - straight line, f - gnoll sergeant
Aim: a gnoll sergeant, wielding a +0 spear, wearing a +0 ring mail and wearing a +0 buckler (89% to hit)
The blast of sand hits the gnoll sergeant!
The gnoll sergeant is heavily wounded.
* * * LOW MAGIC WARNING * * *
The gnoll sergeant hits you from afar with a +0 spear!
You die...

, , * #####...# , , ,
#.. #.....).. , #.. ,
......... , * ,, ,#gY
#........ * , *#g#**
#####...# ,, , #g#
#..<# #g# #>..# , ** *
#)# #...# * #@#######
#####.## * ,
*#.####.......#
#....... ,
........####.# #..##.#.
,
........####.###..##...
* ,*
..$..##.##..........#..
, ,, .....
#.......##...###. ..
..... #...........## ##
* ...# ,,..##
#......)#..## # .###*
,###.(##.......#.#.##
##


You could see a sky beast, a gnoll sergeant and 3 gnolls.

Vanquished Creatures
  Prince Ribbit (D:6)
  A water moccasin (Sewer)
  An orc warrior (D:6)
  A black bear (D:6)
  3 ogres
  A scorpion (D:4)
  A howler monkey (D:7)
  2 orc priests
  A hound (D:5)
  3 iron imps (D:5)
  4 orc wizards
  A gnoll (D:6)
  A river rat (D:4)
  5 adders
  A shadow imp (D:6)
  2 worms
  3 dart slugs
  14 orcs
  4 endoplasms
  2 giant cockroaches
  9 goblins
  6 hobgoblins
  6 jackals
  7 kobolds
  4 quokkas
  7 ball pythons
  6 bats
  4 frilled lizards
  5 rats
106 creatures vanquished.

Notes
Turn   | Place    | Note
-------+----------+-------------------------------------------
     0 | D:1      | lunkers the Meteoran Earth Elementalist began the quest for
                  | the Orb.
     0 | D:1      | Reached XP level 1. HP: 14/14 MP: 5/5
    86 | D:1      | Reached skill level 4 in Earth Magic
    86 | D:1      | Reached XP level 2. HP: 20/20 MP: 0/6
   366 | D:1      | Reached XP level 3. HP: 26/26 MP: 6/8
   484 | D:1      | Glimpsed the power of Zot.
   749 | D:2      | Reached skill level 5 in Earth Magic
   749 | D:2      | Reached XP level 4. HP: 33/33 MP: 5/10
   962 | D:3      | Found a basalt altar of Yredelemnul.
  1167 | D:3      | Found an ornate altar of the Wu Jian Council.
  1276 | D:3      | Reached XP level 5. HP: 38/38 MP: 8/11
  1496 | D:4      | Found a glowing drain.
  1514 | Sewer    | Entered a sewer
  1524 | Sewer    | Reached skill level 6 in Earth Magic
  1545 | Sewer    | Noticed a water moccasin
  1549 | Sewer    | Killed a water moccasin
  1550 | Sewer    | Reached XP level 6. HP: 44/45 MP: 9/14
  1746 | D:4      | Reached skill level 5 in Spellcasting
  1746 | D:4      | Reached skill level 7 in Earth Magic
  1836 | D:4      | Noticed an ogre
  1837 | D:4      | Killed an ogre
  1838 | D:4      | Reached XP level 7. HP: 50/50 MP: 14/16
  1953 | D:4      | Learned a level 2 spell: Passwall
  1957 | D:4      | Learned a level 3 spell: Stone Arrow
  1962 | D:4      | Learned a level 4 spell: Petrify
  1967 | D:4      | Learned a level 4 spell: Brom's Barrelling Boulder
  1989 | D:4      | Reached skill level 8 in Earth Magic
  2328 | D:4      | Identified the +8 short sword "Kesua" {pain, Drain rC++
                  | Dex+3}
  2331 | D:4      | Reached skill level 1 in Conjurations
  2371 | D:5      | Entered Level 5 of the Dungeon
  2403 | D:5      | Reached XP level 8. HP: 57/57 MP: 15/17
  2469 | D:5      | Found a staircase to the Ecumenical Temple.
  2488 | Temple   | Entered the Ecumenical Temple
  2494 | Temple   | Became a worshipper of Vehumet
  2543 | D:5      | Found a burning altar of Makhleb.
  2618 | D:5      | You fall into a shaft and drop 2 floors!
  2618 | D:7      | Found Mitrok's Book Shoppe.
  2959 | D:6      | Noticed Prince Ribbit
  2963 | D:6      | Reached skill level 9 in Earth Magic
  2964 | D:6      | Killed Prince Ribbit
  2993 | D:6      | Found a broken altar of Ashenzari.
  3104 | D:6      | Gained mutation: You passively map the area around you.
                  | [Meteoran growth]
  3104 | D:6      | Reached XP level 9. HP: 25/62 MP: 5/20
  3106 | D:6      | Reached skill level 5 in Conjurations
  3107 | D:6      | Slain by a gnoll sergeant

Illustrated notes

Levels and vault maps discovered:
D:1:      ncdulo_watergridlock, layout_loops_ring, corexii_hall_statues_i,
          dreamdust_wishing_well, chequers_serial_rivers_small_3
D:2:      layout_basic, kennysheep_generic_room_13, uniq_natasha
D:3:      layout_loops_ring, mainiacjoe_overflow_concentric_impassable,
          yredelemnul_altar_generic
D:4:      minmay_razor_zed, layout_loops_ring, portal_sewer_entry_b
D:5:      gammafunk_steamed_eel, layout_basic, demons_altar,
          minmay_temple_entry_offerings, hex_intersection
D:6:      layout_loops_cross, nicolae_ashenzari_panopticon, uniq_prince_ribbit1
D:7:      layout_gridville, nicolae_uskayaw_dance_hall, kennysheep_mini,
          serial_shops, shop, gup_ossuary_entry_pyramid,
          eino_small_chamber_without_monster, uniq_pikel, uniq_menkaure,
          uniq_maggie, uniq_duvessa
Temple:   nicolae_temple_bog_church

Skill      XL: |  1  2  3  4  5  6  7  8  9 |
---------------+----------------------------+-----
Earth Magic    | 4 5 6 7 8 9 |  9.5
Spellcasting   | 3 4 5 6 |  6.8
Conjurations   | 1 4 5 |  5.0
Dodging        | |  2.1
Stealth        | |  1.4
Transmutations | |  1.2

Action                     |  1- 3 |  4- 6 |  7- 9 || total
---------------------------+-------+-------+-------++-------
  Melee: Unarmed           |       |     1 |       ||     1
   Cast: Sandblast         |    42 |    59 |    77 ||   178
         Stone Arrow       |       |       |     3 ||     3
    Use: Scroll            |       |     9 |     4 ||    13
 Armour: Robe              |     6 |    18 |    31 ||    55
  Dodge: Dodged            |     8 |    11 |    18 ||    37

Table legend: (Time is in decaauts)
 A = Elapsed time spent in this place.
 B = Non-inter-level travel time spent in this place.
 C = Inter-level travel time spent in this place.
 D = Time resting spent in this place.
 E = Time spent auto-exploring this place.
 F = Levels seen in this place.
 G = Mean time per level.
                   A        B        C        D        E       F      G
               +--------+--------+--------+--------+--------+-----+--------+
         Total |   3208 |   3114 |     94 |     66 |   2446 |   9 |  356.4 |
       Dungeon |   2992 |   2903 |     89 |      0 |   2359 |   7 |  427.4 |
        Temple |     17 |     12 |      5 |      0 |      0 |   1 |   17.0 |
         Sewer |    198 |    198 |      0 |     66 |     87 |   1 |  198.0 |
               +--------+--------+--------+--------+--------+-----+--------+

Top non-repeatable levels by time:
     D:4: 752 daAuts
     D:3: 603 daAuts
     D:1: 510 daAuts
     D:6: 433 daAuts
     D:2: 379 daAuts
     D:5: 242 daAuts
   Sewer: 198 daAuts
     D:7: 70 daAuts
  Temple: 17 daAuts
